Cogmind - Beta 11 @@@ ROGUE MODE // 2022.04.01 @ 08:37:57 Player: Alex Result: Destroyed by G-34 Mercenary with Small Laser Performance ------------- Evolutions (1) 500 Regions Visited (4) 800 Robots Destroyed (48) 240 Value Destroyed (1025) 1025 Prototype IDs (4) 80 Alien Tech Used (0) 0 Bonus (80) 80 TOTAL SCORE: 2725 Bonus ------- High Alert Combat Kills 27 Follower Combat Kills 181 Friendly Fire -128 Cogmind --------- Core Integrity 0/400 Matter 280/300 Energy 100/100 System Corruption 0% Temperature Cool (6) Movement Flying (120) Ox1 Location -9/Mines Parts ------- > --- POWER (1) -------- (None) > --- PROPULSION (3) --- Flight Unit > --- UTILITY (3) ------ Small Storage Unit > --- WEAPON (2) ------- (None) > --- INVENTORY (8) ---- Ion Engine Light Nuclear Core Cooling System Visual Processing Unit Decoy Drone Bay (16/16) Rocket Launcher Peak State ------------ > --- POWER ------------ (None) > --- PROPULSION ------- Carbon-fiber Leg > --- UTILITY ---------- Small Storage Unit Decoy Drone Bay > --- WEAPON ----------- (None) > --- INVENTORY -------- Ion Engine Light Nuclear Core Flight Unit Cooling System Visual Processing Unit Rocket Launcher [Rating: 19] Favorites ----------- Power Light Nuclear Core Engine Reinforced Ion Engine Power Core Light Nuclear Core Propulsion Aluminum Leg Treads Light Treads Leg Aluminum Leg Wheel Compact Wheel Flight Unit Flight Unit Utility Small Storage Unit Device Terrain Scanner Storage Small Storage Unit Protection Core Shielding Weapon Light Assault Rifle Energy Gun Beam Rifle Ballistic Gun Light Assault Rifle Launcher Rocket Launcher Build | -11 -10 -10 -9 -9 ------- Run | Scr Mat Min Mat Min Slots Evolved 2 | . . . 2 . Power . | . . . . . Propulsion 1 | . . . 1 . Utility 1 | . . . 1 . Weapon . | . . . . . Parts Attached 38 | 6 6 1 19 6 Power 4 | 1 1 . 2 . Engine 3 | 1 . . 2 . Core 1 | . 1 . . . Reactor . | . . . . . Propulsion 16 | 2 3 . 6 5 Treads 3 | 1 1 . 1 . Leg 6 | . . . 4 2 Wheel 3 | 1 1 . 1 . Hover . | . . . . . Flight 4 | . 1 . . 3 Utility 6 | 1 1 . 3 1 Device 3 | . 1 . 1 1 Storage 1 | 1 . . . . Processor . | . . . . . Hackware . | . . . . . Protection 2 | . . . 2 . Artifact . | . . . . . Weapon 12 | 2 1 1 8 . Energy Gun 4 | . . . 4 . Energy Cannon . | . . . . . Ballistic Gun 5 | 2 . 1 2 . Ballistic Cannon . | . . . . . Launcher 3 | . 1 . 2 . Special Weapon . | . . . . . Impact Weapon . | . . . . . Slashing Weapon . | . . . . . Piercing Weapon . | . . . . . Special Melee Weapon . | . . . . . Unidentified Prototypes 2 | . 1 . . 1 Parts Lost 17 | . 1 . 9 7 Power 2 | . . . 1 1 Propulsion 8 | . 1 . 4 3 Utility 3 | . . . 2 1 Weapon 4 | . . . 2 2 Highest Loss Streak 6 | . 1 . 5 6 To Critical Strikes 1 | . . . . 1 Average Slot Usage (%) 96 | . 99 100 96 88 Engine 6 | . 6 . 8 9 Core 5 | . 7 14 1 . Treads 6 | . 14 14 2 . Leg 14 | . . . 23 25 Wheel 7 | . 13 14 5 . Device 13 | . 13 14 13 9 Storage 12 | . 14 14 11 11 Protection 5 | . . . 7 10 Energy Gun 9 | . . . 13 18 Ballistic Gun 13 | . 23 26 7 . Launcher 1 | . 4 1 . . Naked Turns . | . . . . . Heaviest Build 23 | 13 16 16 23 20 Greatest Support 38 | 16 20 16 35 38 Greatest Overweight (x) 6 | . 4 . 6 1 Average Overweight (x) . | . . . . . Largest Inventory Capacity 8 | 8 8 8 8 8 Average Capacity 7 | 7 8 8 8 8 Most Carried 8 | 3 5 7 7 8 Average Carried 5 | 2 4 6 5 6 Final Capacity 8 | 8 8 8 8 8 Final Carried 7 | 3 5 7 5 7 Class Distribution -------------------- 64% | Mutant 35% | Scavenger-Mutant Dominant Class ---------------- Mutant | -10/Materials Mutant | -10/Mines Scavenger-Mutant | -9/Materials Mutant | -9/Mines Resources | -11 -10 -10 -9 -9 ----------- Run | Scr Mat Min Mat Min Matter Collected 971 | 215 235 76 395 50 Remotely . | . . . . . Salvage Created 1209 | . 380 129 507 193 Parts 82 | . 27 9 26 20 Haulers Intercepted 1 | . 1 . . . Recyclers Shooed 1 | . . . . 1 Parts Field Recycled . | . . . . . Retrieved Matter . | . . . . . Parts Self-Destructed . | . . . . . Prevented . | . . . . . Kills | -11 -10 -10 -9 -9 ------- Run | Scr Mat Min Mat Min Combat Hostiles Destroyed 40 | . 10 5 15 10 Guns 30 | . 8 2 10 10 AOE 10 | . 2 3 5 . Classes Destroyed 9 | . 5 2 1 1 Builder 2 | . 2 . . . Hauler 1 | . 1 . . . Recycler 1 | . . . . 1 Mechanic 1 | . . 1 . . Watcher 2 | . 1 . 1 . Swarmer 19 | . 3 2 4 10 Grunt 19 | . 7 3 9 . Sentry 2 | . . . 2 . Zionite 1 | . . 1 . . Best Kill Streak 5 | . 5 4 4 4 Combat Bots Only 4 | . 3 3 4 4 Max Kills in Single Turn 3 | . 3 3 2 1 Gunslinging . | . . . . . Exploded 2 | . 1 2 2 . Melee . | . . . . . Uniques/NPCs Destroyed . | . . . . . Combat | -11 -10 -10 -9 -9 -------- Run | Scr Mat Min Mat Min Damage Taken 2258 | . 280 138 1019 821 Core 503 | . 39 54 187 223 Absorbed by Shields . | . . . . . Redirected to Shielding 47 | . . . 8 39 Regen/Repaired (Parts) 105 | . . . 105 . Core Remaining (%) 81 | 100 . 62 . . Volleys Fired 123 | . 29 8 68 18 Largest 2 | . 2 2 2 2 Hottest 119 | . 53 53 119 119 Shots Fired 241 | . 58 16 131 36 Gun 230 | . 55 13 126 36 Cannon . | . . . . . Launcher 11 | . 3 3 5 . Special . | . . . . . Kinetic 159 | . 55 13 91 . Thermal 71 | . . . 35 36 Explosive 11 | . 3 3 5 . Electromagnetic . | . . . . . Robot Hit Streak 12 | . 5 6 12 3 Robot Miss Streak 6 | . 4 2 6 3 Penetration Max . | . . . . . Secondary Targets 7 | . 3 1 . 3 Max Gunslinging Chain 1 | . 1 1 . 1 Shots Hit Robots 139 | . 31 9 84 15 Core Hits 79 | . 22 14 32 11 Critical Kills 1 | . . . 1 . Critical Parts Destroyed . | . . . . . Critical Strikes 2 | . . . 1 1 Burn 1 | . . . . 1 Destroy 1 | . . . 1 . Melee Attacks . | . . . . . Impact . | . . . . . Slashing . | . . . . . Piercing . | . . . . . Sneak Attacks . | . . . . . Combat Hostiles . | . . . . . Follow-up Attacks . | . . . . . Damage Inflicted 2638 | . 622 439 1289 288 Guns 1589 | . 310 88 909 282 Cannons . | . . . . . Explosions 1033 | . 312 351 370 . Melee . | . . . . . Ramming 16 | . . . 10 6 Kinetic 1015 | . 310 88 617 . Thermal 574 | . . . 292 282 Explosive 1033 | . 312 351 370 . Electromagnetic . | . . . . . Impact . | . . . . . Slashing . | . . . . . Piercing . | . . . . . Highest Corruption 1 | . 1 1 . . Average Corruption 1 | . 1 1 . . Corruption Purged . | . . . . . Corruption Blocked . | . . . . . Effects 5 | . 1 4 . . Message Errors 2 | . . 2 . . Matter Fused 1 | . . 1 . . Heat Flow Errors 1 | . . 1 . . Energy Discharges 1 | . 1 . . . Overload Shots . | . . . . . Overflow Damage 24 | . 8 . 16 . Projectiles . | . . . . . Explosions 24 | . 8 . 16 . Melee . | . . . . . Knockbacks . | . . . . . Impact . | . . . . . Kinetic . | . . . . . Secondary . | . . . . . Self-Inflicted Damage 38 | . . 38 . . Shots 1 | . . 1 . . Rammed . | . . . . . Targets Rammed 2 | . . . 1 1 Kicked 2 | . . . 1 1 Crushed . | . . . . . Highest Temperature 306 | . 22 145 261 306 Average Temperature 58 | . 6 29 52 100 Received Heat Transfer 576 | . 96 24 426 30 Effects 2 | . . . . 2 Energy Bleed 1 | . . . . 1 Short Circuit 1 | . . . . 1 Siege Activations . | . . . . . Robots Corrupted . | . . . . . Combat Hostiles . | . . . . . Parts Fried . | . . . . . Impact Corruptions . | . . . . . Robots Melted . | . . . . . Combat Hostiles . | . . . . . Parts Melted 2 | . . . 2 . Heat Transferred 1434 | . . . 694 740 Parts Sabotaged . | . . . . . Parts Stolen . | . . . . . Parts Stripped . | . . . . . Power Chain Reactions . | . . . . . Missiles Intercepted . | . . . . . Alert | -11 -10 -10 -9 -9 ------- Run | Scr Mat Min Mat Min Peak Influence 467 | . 246 369 467 332 Initial 87 | . . 67 65 87 Average 233 | . 116 254 297 249 Maximum Alert Level 2 | . 1 1 2 1 Low Security (%) 37 | 100 88 35 14 16 Level 1 54 | . 11 64 67 83 Level 2 7 | . . . 18 . Level 3 . | . . . . . Level 4 . | . . . . . Level 5 . | . . . . . High Security . | . . . . . Max Security . | . . . . . Squads Dispatched 8 | . 1 1 6 . Investigation 4 | . 1 . 3 . Extermination . | . . . . . Reinforcement 3 | . . . 3 . Assault 1 | . . 1 . . Garrison . | . . . . . Intercept . | . . . . . Searches Triggered . | . . . . . Construction Impeded . | . . . . . Haulers Reinforced . | . . . . . Active Scanning Responses . | . . . . . Cargo Convoy Interrupts . | . . . . . Stealth | -11 -10 -10 -9 -9 --------- Run | Scr Mat Min Mat Min Distress Signals 4 | . 1 . 2 1 Communications Jammed . | . . . . . Distress Signals . | . . . . . Times Spotted 82 | . 14 11 29 28 Peak Tracking Total 13 | . 4 4 5 13 Tactical Retreats 6 | . . . 2 4 Traps | -11 -10 -10 -9 -9 ------- Run | Scr Mat Min Mat Min Traps Triggered 4 | . 1 . 3 . Indirectly . | . . . . . Trap Hack Attempts . | . . . . . Triggered . | . . . . . Disarmed . | . . . . . Reprogrammed . | . . . . . Reused . | . . . . . Traps Extracted . | . . . . . Installed . | . . . . . Triggered . | . . . . . Machines | -11 -10 -10 -9 -9 ---------- Run | Scr Mat Min Mat Min Machines Disabled 2 | . 1 1 . . Max in Single Turn 1 | . 1 . . . Machines Sabotaged . | . . . . . Garrisons Compromised . | . . . . . Overloaded Fab Kills . | . . . . . Hacking | -11 -10 -10 -9 -9 --------- Run | Scr Mat Min Mat Min Machines Accessed 12 | . 4 . 7 1 Terminals 8 | . 4 . 4 . Fabricators . | . . . . . Repair Stations 1 | . . . 1 . Recycling Units 1 | . . . 1 . Scanalyzers 1 | . . . 1 . Garrison Access . | . . . . . Total Hacks 30 | . 9 . 20 1 Successful 23 | . 7 . 15 1 Failed 7 | . 2 . 5 . Catastrophic . | . . . . . Database Lockouts . | . . . . . Manual 5 | . 3 . 2 . Terminals 19 | . 9 . 10 . Fabricators . | . . . . . Repair Stations 2 | . . . 2 . Recycling Units 5 | . . . 5 . Scanalyzers 3 | . . . 3 . Garrison Access . | . . . . . Terminal Hacks 14 | . 7 . 6 1 Record 1 | . . . 1 . Prototype ID Bank 1 | . 1 . . . Open Door 1 | . . . . 1 Level Access Points 1 | . . . 1 . Branch Access Points 2 | . 1 . 1 . Emergency Access Points 1 | . 1 . . . Alert Level 1 | . 1 . . . Locate Traps 3 | . 2 . 1 . Zone Layout 3 | . 1 . 2 . Fabricator Hacks . | . . . . . Repair Station Hacks 2 | . . . 2 . Scan Component 1 | . . . 1 . Repair 1 | . . . 1 . Recycling Unit Hacks 4 | . . . 4 . Recycle Component 1 | . . . 1 . Process 2 | . . . 2 . Report Inventory 1 | . . . 1 . Scanalyzer 3 | . . . 3 . Insert Component 2 | . . . 2 . Analyze 1 | . . . 1 . Garrison Access Hacks . | . . . . . Unauthorized Hacks . | . . . . . Terminals . | . . . . . Fabricators . | . . . . . Repair Stations . | . . . . . Recycling Units . | . . . . . Scanalyzers . | . . . . . Garrison Access . | . . . . . Data Cores Recovered . | . . . . . Used . | . . . . . Hacking Detections 10 | . 3 . 7 . Full Trace Events 2 | . 1 . 1 . Feedback Events . | . . . . . Feedback Blocked . | . . . . . Robot Schematics Acquired . | . . . . . Robots Built . | . . . . . Authchips . | . . . . . Time . | . . . . . Total Robot Build Rating . | . . . . . Part Schematics Acquired 1 | . . . 1 . Parts Built . | . . . . . Authchips . | . . . . . Time . | . . . . . Total Part Build Rating . | . . . . . Parts Repaired 1 | . . . 1 . Time 38 | . . . 38 . Parts Recycled 1 | . . . 1 . Recycled Matter 257 | . . . 257 . Retrieved Matter . | . . . . . Retrieved Components . | . . . . . Parts Scanalyzed 1 | . . . 1 . Part Schematics Acquired 1 | . . . 1 . Parts Damaged . | . . . . . Bothacking | -11 -10 -10 -9 -9 ------------ Run | Scr Mat Min Mat Min Used RIF Installer . | . . . . . Robots Hacked . | . . . . . Non-combat . | . . . . . Combat . | . . . . . Robot Hacks Applied . | . . . . . Relay Couplers Released . | . . . . . Fabnet Peak Effective % . | . . . . . Robots Rewired . | . . . . . Allies Hacked . | . . . . . Hacks Repelled . | . . . . . Allies | -11 -10 -10 -9 -9 -------- Run | Scr Mat Min Mat Min Total Allies 3 | . . 3 . . Largest Group 3 | . . 3 1 . Highest-Rated Group 72 | . . 72 31 . Highest-Rated Ally 31 | . . 31 31 . Total Orders . | . . . . . Ally Attacks 41 | . . 22 19 . Total Damage 605 | . . 294 311 . Kills 9 | . . 5 4 . Allies Corrupted . | . . . . . Allies Melted . | . . . . . Intel | -11 -10 -10 -9 -9 ------- Run | Scr Mat Min Mat Min Robot Analysis Total . | . . . . . Derelict Logs Recovered 2 | . . 1 . 1 Drone Launches . | . . . . . Drone Recoveries . | . . . . . Exploration | -11 -10 -10 -9 -9 ------------- Run | Scr Mat Min Mat Min Turns Passed 2817 | 121 579 503 1225 389 Spaces Moved 2154 | 112 453 478 848 263 Core 16 | 11 3 . 2 . Treads 42 | . 42 . . . Legs 880 | . . . 621 259 Wheels 1212 | 101 408 478 225 . Hover . | . . . . . Flight 4 | . . . . 4 Fastest Speed 50 | 50 100 100 80 120 Average Speed 108 | 95 106 100 112 121 Slowest Speed 350 | 100 250 100 350 190 Overloaded Moves . | . . . . . Propulsion Burnouts . | . . . . . Robots Hopped . | . . . . . Cave-ins Triggered . | . . . . . Exploration Rate (%) 54 | 6 59 91 63 55 Regions Visited 4 Branch Regions 2 Pre-discovered Areas 1 | . . . . 1 Known Exits Taken 2 | . 1 . 1 . Unknown Exits Taken 2 | 1 . 1 . . Scrap Searched 2 | . . 1 . 1 Spaces Dug . | . . . . . Terrain Destroyed 67 | . 21 14 32 . Melee . | . . . . . Projectile . | . . . . . AOE 67 | . 21 14 32 . Terrain Rammed . | . . . . . Walls Destroyed . | . . . . . Machines Disabled . | . . . . . Actions | -11 -10 -10 -9 -9 --------- Run | Scr Mat Min Mat Min Total 2398 | 126 497 488 990 297 Wait 38 | . . . 38 . Move 2150 | 111 452 477 847 263 Hop . | . . . . . Pick Up 37 | 9 7 2 14 5 Fast Attach . | . . . . . Attach 25 | 6 3 . 12 4 Detach . | . . . . . Swap 13 | . 3 1 7 2 Drop 10 | . 3 . 3 4 Fire 123 | . 29 8 68 18 Melee . | . . . . . Ram . | . . . . . Kick 2 | . . . 1 1 Crush . | . . . . . Escape Stasis . | . . . . . Rewire . | . . . . . Trap . | . . . . . Miscellaneous . | . . . . . Route ------- -11/Scrapyard -10/Materials (discovered 2 exits: *Mat / *Min) -10/Mines (discovered 2 exits: *Mat x2) -9/Materials (discovered 5 exits: *Mat x3 / *Min x2) -9/Mines (discovered 1 exit: *Mat) History --------- Turn | Location | Event 26 | -11/Scrapyard | Discovered new exit (range 16) 122 | -11/Scrapyard | Entered Materials 244 | -10/Materials | Identified exit to Mines 301 | -10/Materials | Discovered new exit (range 16) 314 | -10/Materials | Build established: Mutant 701 | -10/Materials | Entered Mines 702 | -10/Mines | Met a Derelict testing a Signal Generator 1098 | -10/Mines | Discovered new exit (range 9) 1162 | -10/Mines | Discovered new exit (range 11) 1204 | -10/Mines | Entered Materials 1204 | -9/Materials | Accompanied by 1 ally 1204 | -9/Materials | Evolved 2 slots: Propulsion x1, Utility x1 1209 | -9/Materials | Led the pair of lost Derelicts to an unsafe place 1294 | -9/Materials | Identified exit to Mines 1294 | -9/Materials | Identified exit to Materials 1586 | -9/Materials | Lost 5 parts (2n2u1w) 1811 | -9/Materials | Build established: Scavenger-Mutant 2367 | -9/Materials | Repaired Carbon-fiber Leg 2429 | -9/Materials | Entered Mines 2479 | -9/Mines | Core integrity fell below 50% 2554 | -9/Mines | Found the Drone Emporium 2559 | -9/Mines | Found Prototype Device 2571 | -9/Mines | Discovered exit to Materials (range 7) 2718 | -9/Mines | Assembled infested the area 2760 | -9/Mines | Core integrity fell below 20% 2792 | -9/Mines | Lost 6 parts (1p2n1u2w) 2796 | -9/Mines | Identified Decoy Drone Bay 2818 | -9/Mines | Destroyed by G-34 Mercenary with Small Laser Last Messages --------------- 02762_ K-01 Serf collects debris. 02764_ as-67181 destroyed. 02764_ as-68186 destroyed. 02764_ as-82762 destroyed. 02764_ as-60305 destroyed. 02766_ The unstable cave ceiling collapses. 02766_ as-06997 destroyed. 02766_ as-35567 destroyed. 02767_ as-11769 sneak attacks. 02767_ D-53 Grenadier system corrupted by crushing effect. 02767_ D-53 Grenadier knocked back. 02775_ Kicked U-05 Engineer. 02775_ K-01 Serf collects debris. 02776_ as-56626 destroyed. 02778_ K-01 Serf collects debris. 02795_ Dropped Core Shielding. 02796_ Identified Decoy Drone Bay. 02808_ Dropped Decoy Drone Bay. 02811_ Acquired Decoy Drone Bay. 02813_ Dropped Carbon-fiber Leg. Map ----- +----------------------------------------------------+ | | | | | | | | | | | | | | | | | | | | | | | | | | | | | ?????????????#???????#??????????????????????? | | ?????????????#??????????????????????????###?? | | ??#???????????#?????????####????????#### ##? | | ???????????###?#???#???## ##???##### #? | | ??#######?## ##?#??##### ##??# #? | | ### ### ##???## ##?# ## [ #? | | ### ## #????# ### ### #? | | ### #?# ## #????# ## ####[[! ##? | | ?## #?# ### ###???# ###?? | | ## ### #?## ###??### ###### #???# | | ## #??# ##???## ##?#### #??#? | | !! ## #??# ######=@ #?## #???? | | !! ## #??# =*b%[% =##?# ###?? | | !! ### ##### gg%[%= ## #??# ##? | | ! ##?# ## ########## #??## #? | | #??#### ## #????????# #???# #? | | #######??# ## ##???????# #???# ##? | | #### ##?# ##????????# #??## ##?? | | # #?###### ##?????#???#!#?## #??? | | #??????# ##?????????## #?# #??? | | ##??????# #?????#?????# #?# #??? | | ##??????? ?????#?????# #?## #??? | | #???????? ?????#?????# #### ## ##??? | | ## ##??????? ??????????# ## ##???? | | ?## ##???????""" "??????????###### #????? | | ??# ##?????????? "??????#????????#### ###??? | | ??# #??????????? ""??????????????#?## ##?? | | ### #??????????? ???? ?# ###?????## % ##? | | # ###?#??????? ??????? ##?#??# """ #? | | #???????#??#???? ???# # #### """ #? | | #???????????????????# # # """ ##? | | ## #????????### # ????# # ##?? | | ##? #?????? "% ### ####??? | | #?? #???????????# #?????? | | ##???#???????????# ## #?????? | | #????????????????#???????#% ##?????? | +----------------------------------------------------+ Best States ------------- Heat Dissipation 28 Energy Generation 14 Energy Capacity 265 Matter Stores 300 Matter Capacity 300 Sight Range 16 Robot Scan Range 14 Terrain Scan Range 14 Terrain Scan Density 10 Armor Coverage 150 Core Shielding 20 Evasion (%) 55 Recoil Reduction 1 Item Schematics ----------------- Lgt. Nuclear Core | -9/Materials | Scanalyzed Robot Schematics ------------------ None Fabricated ------------ Nothing Alien Tech Used ----------------- None Achievements -------------- Loot Pinata Challenges ------------ None Game ------ Seed GlidesysVortexAirjet Manual? 0 Play Time 00:50:35 Cumulative 9.7 hours Start 2022.04.01 @ 07:32:39 End 2022.04.01 @ 08:37:57 Sessions 1 Manual Loads 0 Difficulty Rogue Special Mode None Game No. 13 Rogue 13 Adventurer 0 Explorer 0 Win Type - Total 0 Types 0/0/0/0/0/0/0/0/0 Lore% 8 Gallery% 13 Achievement% 13 Wizard Run 0 Options --------- ASCII 0 Keyboard 0 Movement Mouse Keybinds 0 Fullscreen 0 Font 24/Crisp Map View 64x52 Tactical HUD 1 Map Filters NONE Filters NONE Steam 1 RUN: 2a6d392c-220e-4255-bead-aa8cdaa5b9b4